[Event "Late-Titled-Tuesday-Blitz-February-06-2024"]
[Site "Chess.com"]
[Date "2024.02.06"]
[Round "6"]
[White "Konavets"]
[Black "Kiborg95"]
[Result "1-0"]
[WhiteElo "3116"]
[BlackElo "2838"]
[TimeControl "180+1"]
[EndTime "15:04:26 PST"]
[Termination "Konavets won by resignation"]

1. e4 d6 2. d4 Nf6 3. Nc3 e5 4. Nf3 Nbd7 5. a4 Be7 6. Bc4 O-O 7. O-O c6 8. Re1 h6 9. a5 Re8 10. h3 Qc7 11. Bd2 Bf8 12. Ba2 Rb8 13. b4 b5 14. axb6 axb6 15. b5 c5 16. dxe5 Nxe5 17. Nxe5 dxe5 18. Nd5 Nxd5 19. Bxd5 Be6 20. c4 Bxd5 21.
exd5 f5 22. Qh5 Qd7 23. Ra6 Bd6 24. Rea1 Rf8 25. Bxh6 f4 26. Ra7 Rb7 27. Rxb7 Qxb7 28. Qg4 Qf7 29. Bxg7 Qxg7 30. Qe6+ Kh8 31. Qxd6 e4 32.
Ra7 1-0

[Event "Late-Titled-Tuesday-Blitz-February-06-2024"]
[Site "Chess.com"]
[Date "2024.02.06"]
[Round "6"]
[White "cthake"]
[Black "EcosseKillie"]
[Result "1-0"]
[WhiteElo "1822"]
[BlackElo "2232"]
[TimeControl "180+1"]
[EndTime "15:04:26 PST"]
[Termination "cthake won by resignation"]

1. e4 Nf6 2. e5 Ne4 3. d4 e6 4.
Qg4 h5 5. Qxe4 g6 6. Nf3 c5 7. Bg5 Qb6 8. b3 cxd4 9. Bf6 Rg8 10. Nxd4 Nc6 11. Nxc6 bxc6 12. Nd2 Bc5 13. Bh4 Bd4 14. Rd1 g5 15. Qh7 Kf8 16. Qh6+ Rg7 17. Bxg5 Bxf2+ 18. Ke2 Ba6+ 19. Nc4 Bxc4+ 20. bxc4 Bd4 21. Bf6 Bxe5 22.
Qxg7+ 1-0

[Event "Late-Titled-Tuesday-Blitz-February-06-2024"]
[Site "Chess.com"]
[Date "2024.02.06"]
[Round "6"]
[White "argentum049"]
[Black "Cronos97"]
[Result "1-0"]
[WhiteElo "2468"]
[BlackElo "2203"]
[TimeControl "180+1"]
[EndTime "15:04:27 PST"]
[Termination "argentum049 won by resignation"]

1. d4 Nf6 2. c4 c5 3. d5 e6 4.
Nc3 exd5 5. cxd5 d6 6. Nf3 g6 7. Bf4 a6 8. Nd2 Nbd7 9. Qa4 Nh5 10. Qe4+ Qe7 11. Bxd6 Qxe4 12. Ndxe4 f5 13. Bxf8 fxe4 14. Bd6 Nhf6 15. f3 exf3 16. gxf3 Kf7 17. e4 b5 18.
Bh3 Re8 19. Be6+ Kg7 20. Kf2 Bb7 21. a4 b4 22. Ne2 a5 23. Rac1 Rac8 24. b3 Ba6 25.
Rc2 c4 26. bxc4 Rxc4 27. Rhc1 Rxc2 28. Rxc2 Bd3 29. Rc7 Rd8 30. Be7 1-0

[Event "Late-Titled-Tuesday-Blitz-February-06-2024"]
[Site "Chess.com"]
[Date "2024.02.06"]
[Round "6"]
[White "yaguigor"]
[Black "SHIVACalypso"]
[Result "1-0"]
[WhiteElo "2718"]
[BlackElo "2529"]
[TimeControl "180+1"]
[EndTime "15:04:32 PST"]
[Termination "yaguigor won by resignation"]

1. d4 Nf6 2. c4 e6 3. Nc3 Bb4 4. Qc2 b6 5. a3 Bxc3+ 6. Qxc3 Bb7 7. f3 c5 8. e4 cxd4 9. Qxd4 Nc6 10. Qd6 Rc8 11. b4 Qe7 12. Bf4 e5 13. Qxe7+ Kxe7 14.
Be3 d6 15. Ne2 Nd8 16. Nc3 Ne6 17. Kd2 Ba6 18. Nd5+ Nxd5 19. cxd5 Bxf1 20. Rhxf1 Nf4 21. g3 Nh5 22. Rfc1 g6 23. a4 Kd7 24. a5 Rxc1 25. Kxc1 Rc8+ 26. Kb2 bxa5 27. Rxa5 f5 28. b5 fxe4 29.
Rxa7+ Rc7 30. b6 1-0

[Event "Late-Titled-Tuesday-Blitz-February-06-2024"]
[Site "Chess.com"]
[Date "2024.02.06"]
[Round "6"]
[White "Nf3c5"]
[Black "ACollins05"]
[Result "0-1"]
[WhiteElo "2564"]
[BlackElo "2444"]
[TimeControl "180+1"]
[EndTime "15:04:34 PST"]
[Termination "ACollins05 won on time"]

1. d4 d5 2. Nf3 Nf6 3. Bg5 Ne4 4.
Bh4 c5 5. e3 Qb6 6. Nbd2 Qxb2 7.
Rb1 Qc3 8. Bb5+ Bd7 9. Bxd7+ Nxd7 10. Rxb7 e6 11. O-O Nxd2 12. Nxd2 cxd4 13. exd4 Qxd4 14.
Qe2 Qxh4 15. Qb5 Rd8 16. g3 Qf6 17. c4 Qd4 18. Rd1 Bc5 19. Rxd7 Rxd7 20. Qb8+ Rd8 21. Qb5+ Ke7 22. Kh1 Rb8 23. Qc6 Rhc8 24. Qa4 Rb2 25.
Nf3 Qxf2 0-1

[Event "Late-Titled-Tuesday-Blitz-February-06-2024"]
[Site "Chess.com"]
[Date "2024.02.06"]
[Round "6"]
[White "norwaytoadog"]
[Black "frequentblunders"]
[Result "0-1"]
[WhiteElo "2224"]
[BlackElo "2160"]
[TimeControl "180+1"]
[EndTime "15:04:36 PST"]
[Termination "frequentblunders won by resignation"]

1. e4 e6 2. d4 c5 3. Nf3 cxd4 4. Nxd4 Nc6 5. Nc3 Nf6 6. a3 Bc5 7. Be3 Nxd4 8. Bxd4 Bxd4 9. Qxd4 d5 10. Bb5+ Bd7 11.
Bxd7+ Qxd7 12. e5 Ng8 13. Qg4 g6 14. Qb4 Ne7 15. h4 h5 16. Qf4 Nf5 17. O-O-O Qc6 18. Ne2 O-O-O 19. Rh3 Kb8 20. Rc3 Qa6 21. Nd4 Rc8 22.
Rxc8+ Rxc8 23. Nxf5 gxf5 24. Qf3 Qc4 25. c3 Qxh4 26. Rd4 Qxd4 0-1

[Event "Late-Titled-Tuesday-Blitz-February-06-2024"]
[Site "Chess.com"]
[Date "2024.02.06"]
[Round "6"]
[White "Boninknights"]
[Black "Pawngobblerx2000"]
[Result "0-1"]
[WhiteElo "2342"]
[BlackElo "2515"]
[TimeControl "180+1"]
[EndTime "15:04:46 PST"]
[Termination "Pawngobblerx2000 won by resignation"]

1. d4 d5 2. Nf3 Nf6 3. c4 c6 4. Qb3 dxc4 5. Qxc4 Bg4 6. Nbd2 e6 7. g3 Bd6 8. Bg2 O-O 9. O-O Qe7 10. Qb3 Qc7 11. Nc4 Bxf3 12. Bxf3 Nbd7 13. Nxd6 Qxd6 14. Qxb7 Qxd4 15. Be3 Qe5 16. b3 Rac8 17. Qxa7 Rc7 18.
Qd4 Qa5 19. Rfd1 Nd5 20. Bd2 Qa6 21. a4 c5 22. Qc4 Qb7 23. a5 Ne5 24. Qc2 Nxf3+ 25.
exf3 Ra8 26. Be1 Rc6 27. f4 h6 28. f5 Nb4 29. Bxb4 cxb4 30. fxe6 Rxc2 0-1

[Event "Late-Titled-Tuesday-Blitz-February-06-2024"]
[Site "Chess.com"]
[Date "2024.02.06"]
[Round "6"]
[White "Felix-Rose"]
[Black "crazy_but_lazy"]
[Result "0-1"]
[WhiteElo "2382"]
[BlackElo "2596"]
[TimeControl "180+1"]
[EndTime "15:04:50 PST"]
[Termination "crazy_but_lazy won by checkmate"]

1. e4 g6 2. d4 Bg7 3. Nf3 a6 4. Nc3 b5 5. Bd3 d6 6. O-O Bb7 7. a4 b4 8. Na2 Nf6 9. Qe1 a5 10. Bd2 O-O 11. c3 bxc3 12. Nxc3 Nc6 13. Rc1 Nb4 14.
Bb1 Ba6 15. Nb5 c6 16. Na3 Bxf1 17. Qxf1 Rb8 18. h3 Nd7 19. Qe1 c5 20. d5 Bxb2 21. Nb5 Rxb5 22. axb5 Bxc1 23. Qxc1 a4 24. Bh6 Qa5 25. Qb2 f6 26. Bxf8 Kxf8 27. h4 a3 28. Qd2 Kg7 29. Ba2 Qxb5 30. h5 Nxa2 31. h6+ Kg8 32. Qxa2 Qb2 33. Qc4 a2 34. Kh2 a1=Q 35.
e5 Nxe5 36. Nxe5 Qxe5+ 37. g3 Qad4 38. Qa6 Qxf2+ 39. Kh1 Qh5# 0-1

[Event "Late-Titled-Tuesday-Blitz-February-06-2024"]
[Site "Chess.com"]
[Date "2024.02.06"]
[Round "6"]
[White "LUISMIGUELOV"]
[Black "boguszp"]
[Result "1-0"]
[WhiteElo "2214"]
[BlackElo "2066"]
[TimeControl "180+1"]
[EndTime "15:04:50 PST"]
[Termination "LUISMIGUELOV won on time"]

1. e4 c6 2. Nf3 d5 3. Nc3 Bg4 4. d3 e6 5. Bf4 Nf6 6. Be2 Bb4 7.
O-O Bxc3 8. bxc3 dxe4 9. Ng5 Bxe2 10. Qxe2 exd3 11. cxd3 O-O 12. Rab1 Qd7 13. d4 h6 14. Nf3 Nd5 15. Bd2 Qc7 16. Ne5 Nd7 17. f4 b6 18.
Rf3 c5 19. Rbf1 cxd4 20. cxd4 Rac8 21. Rg3 N7f6 22. f5 exf5 23. Bxh6 Ne8 24. Rxf5 Qc2 25. Qxc2 Rxc2 26. Nd7 1-0

[Event "Late-Titled-Tuesday-Blitz-February-06-2024"]
[Site "Chess.com"]
[Date "2024.02.06"]
[Round "6"]
[White "sergiochess83"]
[Black "Andrei_Skvortsov"]
[Result "1-0"]
[WhiteElo "2914"]
[BlackElo "2687"]
[TimeControl "180+1"]
[EndTime "15:04:52 PST"]
[Termination "sergiochess83 won by resignation"]

1. d4 g6 2. e4 Bg7 3. Nf3 c6 4.
Bd3 d5 5. e5 Bg4 6. Nbd2 f6 7.
h3 Bd7 8. O-O e6 9. exf6 Nxf6 10. Ne5 O-O 11. Re1 Be8 12. Ndf3 Nbd7 13. Ng5 Nxe5 14. dxe5 Nd7 15. Nxe6 Qe7 16. Nxf8 Nxf8 17. c4 d4 18. f4 Ne6 19. Bd2 a5 20. f5 gxf5 21. Bxf5 Nc5 22. Qg4 d3 23. Rad1 h5 24. Qg3 Kh8 25. Bg5 Qf7 26. Bxd3 Nxd3 27. Rxd3 Qxc4 28.
Bf6 1-0

[Event "Late-Titled-Tuesday-Blitz-February-06-2024"]
[Site "Chess.com"]
[Date "2024.02.06"]
[Round "6"]
[White "The_Machine04"]
[Black "betta2004"]
[Result "0-1"]
[WhiteElo "2703"]
[BlackElo "2559"]
[TimeControl "180+1"]
[EndTime "15:04:55 PST"]
[Termination "betta2004 won by checkmate"]

1. d4 Nf6 2. Nf3 c5 3. e3 d5 4. c3 Nc6 5. Nbd2 e6 6. Bd3 Bd6 7. O-O O-O 8. dxc5 Bxc5 9. b4 Be7 10. Bb2 a6 11. a3 e5 12. e4 Bg4 13.
h3 Bh5 14. exd5 Qxd5 15. Qc2 Rad8 16. Bc4 Qd7 17. Rfe1 Bg6 18. Qb3 b5 19. Bf1 e4 20.
Nd4 Nxd4 21. cxd4 Rfe8 22. a4 bxa4 23. Rxa4 Rb8 24. Bxa6 Nd5 25. b5 Bg5 26. Nc4 f6 27. Ne3 Bf7 28. Nxd5 Bxd5 29. Qg3 Rxb5 30. Bxb5 Qxb5 31.
Qa3 Bd2 32. Rd1 e3 33. fxe3 Qe2 34. Rxd2 Qxd2 35. e4 Bxe4 36. Qb3+ Kh8 37. Qg3 Qxb2 38.
Ra7 Qxd4+ 39. Qf2 Qxf2+ 40. Kxf2 h5 41. h4 Kh7 42. Ra5 Kh6 43. g3 Re5 44. Ra6 Bf5 45. Kf3 Bg4+ 46. Kf4 Rf5+ 47. Ke4 Rf3 48. Ra8 Rxg3 49.
Kf4 Rf3+ 50. Ke4 Kg6 51. Ra5 Rh3 52. Kf4 Rxh4 53. Kg3 Rh3+ 54. Kf4 Rf3+ 55. Ke4 h4 56. Ra1 h3 57. Rg1 f5+ 58. Ke5 h2 59. Rh1 Rh3 60. Kf4 Bf3 61. Rg1+ hxg1=Q 62. Ke5 Qe3+ 63. Kd6 Qd4+ 64. Kc7 Qc5+ 65. Kb8 Qb6+ 66. Kc8 Qc6+ 67. Kd8 Qd6+ 68.
Ke8 Rh8# 0-1

[Event "Late-Titled-Tuesday-Blitz-February-06-2024"]
[Site "Chess.com"]
[Date "2024.02.06"]
[Round "6"]
[White "Bryanl106"]
[Black "nikitadovbnya2008"]
[Result "1/2-1/2"]
[WhiteElo "2536"]
[BlackElo "2360"]
[TimeControl "180+1"]
[EndTime "15:04:55 PST"]
[Termination "Game drawn - insufficient material"]

1. e4 e5 2. Nf3 Nc6 3. Nc3 Nf6 4. a3 d5 5. Bb5 Nxe4 6. Qe2 Nxc3 7. Qxe5+ Qe7 8.
dxc3 Bd7 9. Qxe7+ Bxe7 10. Bf4 O-O-O 11. O-O-O Bg4 12. Rhe1 Bxf3 13. gxf3 Bd6 14. Bg3 Bxg3 15. hxg3 a6 16. Ba4 Rhe8 17. Rxe8 Rxe8 18. Rxd5 Re2 19.
Rd2 Re1+ 20. Rd1 Re2 21. Bxc6 bxc6 22. Rf1 Kd7 23. Kd1 Re5 24. Re1 Rf5 25. Re3 h5 26. Ke2 g5 27. Re4 Kd6 28. Ke3 Re5 29. f4 Rxe4+ 30.
Kxe4 f6 31. fxg5 fxg5 32. Kf5 h4 33. Kg4 Ke5 34. gxh4 gxh4 35. Kxh4 Kf4 36. Kh5 Kf3 37. Kg5 Kxf2 38. Kf6 Ke2 39. Ke7 Kd2 40. Kd7 Kxc2 41. Kxc6 Kxb2 42. c4 Kxa3 43. Kxc7 Kb4 44. Kc6 a5 45.
Kb6 a4 46. c5 a3 47. c6 a2 48. c7 a1=Q 49. c8=Q Qa5+ 50. Kb7 Qb5+ 51. Ka7 Qa5+ 52. Kb8 Qb6+ 53. Ka8 Qa5+ 54. Kb7 Qb5+ 55. Kc7 Qc5+ 56. Kd7 Qxc8+ 57. Kxc8 1/2-1/2

[Event "Late-Titled-Tuesday-Blitz-February-06-2024"]
[Site "Chess.com"]
[Date "2024.02.06"]
[Round "6"]
[White "KaydenTroffChess"]
[Black "LyonBeast"]
[Result "0-1"]
[WhiteElo "2847"]
[BlackElo "3150"]
[TimeControl "180+1"]
[EndTime "15:04:56 PST"]
[Termination "LyonBeast won by checkmate"]

1. d4 Nf6 2. Nf3 d5 3. Bf4 c5 4. e3 Nc6 5. Nc3 a6 6. dxc5 e6 7. Na4 Bxc5 8. Nxc5 Qa5+ 9. c3 Qxc5 10. Bd3 Qe7 11. Ne5 Nd7 12. Nxc6 bxc6 13. O-O e5 14. Bg3 h5 15. h3 h4 16. Bh2 a5 17. e4 Nf6 18. exd5 cxd5 19. Bb5+ Kf8 20. Re1 Rh5 21. Bc6 Rb8 22. Bxd5 Rxb2 23. Bf3 Rf5 24. Qd3 g6 25. Qc4 Be6 26. Qxh4 Qc5 27. Rad1 Kg7 28.
Rd8 Nh7 29. Qe4 Qxf2+ 30. Kh1 Rxf3 31. Bxe5+ Nf6 32. Bd4 Qxg2# 0-1

[Event "Late-Titled-Tuesday-Blitz-February-06-2024"]
[Site "Chess.com"]
[Date "2024.02.06"]
[Round "6"]
[White "goldihouse"]
[Black "picturesquecheck"]
[Result "1-0"]
[WhiteElo "2603"]
[BlackElo "2393"]
[TimeControl "180+1"]
[EndTime "15:04:56 PST"]
[Termination "goldihouse won by resignation"]

1. c4 Nf6 2. g3 g6 3. Bg2 Bg7 4. Nc3 d6 5. e3 O-O 6. Nge2 e5 7. O-O Nc6 8. d3 Re8 9. h3 Be6 10. Nd5 Qd7 11. Kh2 Bxd5 12. cxd5 Ne7 13. e4 c6 14.
dxc6 Nxc6 15. Bg5 h6 16. Bxf6 Bxf6 17. Rc1 Rac8 18. Qb3 Bg7 19. Qb5 a6 20. Qb6 Qc7 21. Qxc7 Rxc7 22. Rc3 Rec8 23. Rfc1 Bf6 24. h4 g5 25. Bh3 Rd8 26. hxg5 hxg5 27. Bf5 Kg7 28. Kg2 Re7 29. a3 Ree8 30. b4 Rb8 31. Bd7 Red8 32. Bxc6 bxc6 33. g4 a5 34. Ng3 axb4 35. axb4 Rxb4 36.
Nf5+ Kf8 37. Rxc6 Be7 38. Rh1 Bf6 39. Rc7 Kg8 40. Nh6+ 1-0

[Event "Late-Titled-Tuesday-Blitz-February-06-2024"]
[Site "Chess.com"]
[Date "2024.02.06"]
[Round "6"]
[White "cukricek"]
[Black "Zavgorodniy_Sergiy"]
[Result "1-0"]
[WhiteElo "2406"]
[BlackElo "2581"]
[TimeControl "180+1"]
[EndTime "15:04:58 PST"]
[Termination "cukricek won by resignation"]

1. g3 d5 2. Nf3 c6 3. Bg2 Nf6 4. O-O Bf5 5. d3 e6 6. Nc3 h6 7. Nd2 Bh7 8. e4 dxe4 9. dxe4 Be7 10. f4 Nbd7 11. Qe2 O-O 12. Kh1 a5 13. a4 Nc5 14.
g4 Qc7 15. g5 hxg5 16. fxg5 Nfd7 17. Nc4 Bg6 18. h4 b5 19. axb5 cxb5 20. Nxb5 Qb8 21.
Nc3 f6 22. h5 Be8 23. g6 Qg3 24. Qf3 Qxf3 25. Rxf3 Ne5 26. Nxe5 fxe5 27. Rxf8+ Bxf8 28. Be3 a4 29. Bh3 Rb8 30. Bxc5 Bxc5 31. Bxe6+ Kf8 32. Nd5 Bc6 33. Rf1+ Ke8 34. h6 Bxd5 35. exd5 gxh6 36. g7 1-0

[Event "Late-Titled-Tuesday-Blitz-February-06-2024"]
[Site "Chess.com"]
[Date "2024.02.06"]
[Round "6"]
[White "RantomOpening"]
[Black "Doublekk14"]
[Result "1-0"]
[WhiteElo "2508"]
[BlackElo "2305"]
[TimeControl "180+1"]
[EndTime "15:04:58 PST"]
[Termination "RantomOpening won on time"]

1. e4 c5 2. c3 d5 3. exd5 Qxd5 4. Nf3 Nc6 5. d4 Nf6 6. c4 Qe6+ 7. Be3 cxd4 8. Nxd4 Nxd4 9. Qxd4 Ng4 10. Nc3 Nxe3 11. fxe3 Qf6 12. Qxf6 exf6 13. O-O-O Bc5 14. Nd5 O-O 15.
Bd3 Bg4 16. Rde1 a5 17. h3 Be6 18. e4 Rac8 19. a3 f5 20. Kb1 fxe4 21. Bxe4 Bxd5 22. Bxd5 b6 23. Rhf1 Rc7 24. Kc2 g6 25. Kb3 Kg7 26. Ka4 Bd4 27. b4 axb4 28. axb4 f5 29. Kb5 Rd7 30.
Rd1 Bc3 31. Rd3 Bf6 32. Re1 Rb8 33. Re6 Re7 34. Rxb6 Rxb6+ 35. Kxb6 g5 36. c5 1-0

[Event "Late-Titled-Tuesday-Blitz-February-06-2024"]
[Site "Chess.com"]
[Date "2024.02.06"]
[Round "6"]
[White "Jamal-Jamal-Jamal"]
[Black "JaackCamel"]
[Result "0-1"]
[WhiteElo "2349"]
[BlackElo "2204"]
[TimeControl "180+1"]
[EndTime "15:04:59 PST"]
[Termination "JaackCamel won by resignation"]

1. e4 e6 2. d4 d5 3. Nd2 c5 4.
exd5 Qxd5 5. Ngf3 cxd4 6. Bc4 Qd6 7. O-O Nf6 8. Nb3 Nc6 9. Nbxd4 Nxd4 10. Nxd4 a6 11. Bb3 Qc7 12. Re1 Bd6 13. Nf5 Bxh2+ 14.
Kh1 O-O 15. Nxg7 Rd8 16. Qf3 Kxg7 17. Bh6+ Kg6 18. c3 Nh5 19. Re4 Kxh6 20. g3 Bxg3 21. Bc2 Rg8 22. Bd1 Rg5 23. Be2 Bd7 24. fxg3 Nxg3+ 0-1

[Event "Late-Titled-Tuesday-Blitz-February-06-2024"]
[Site "Chess.com"]
[Date "2024.02.06"]
[Round "6"]
[White "HanSchut"]
[Black "Anna20240"]
[Result "1-0"]
[WhiteElo "2254"]
[BlackElo "1896"]
[TimeControl "180+1"]
[EndTime "15:04:59 PST"]
[Termination "HanSchut won by checkmate"]

1. e4 c6 2. d4 d5 3. exd5 cxd5 4. c4 Nf6 5. Nc3 e6 6. Nf3 Bb4 7. cxd5 Nxd5 8. Qc2 Qc7 9. Bd2 Bd7 10. Rc1 Bxc3 11.
bxc3 Nc6 12. Bd3 h6 13. O-O O-O 14. Rfe1 Rac8 15. Qd1 Qd8 16. Qe2 Qf6 17. Qe4 g6 18.
Bxh6 Rfe8 19. Bg5 Qg7 20. Ne5 Nxe5 21. dxe5 Bc6 22. Qh4 Nb6 23. Re3 Nd7 24. Rce1 Qh7 25. Qf4 Qg7 26. Bf6 Nxf6 27. exf6 Qf8 28. Rh3 Qc5 29. Rh8+ Kxh8 30. Qh6+ Kg8 31. Qg7# 1-0

[Event "Late-Titled-Tuesday-Blitz-February-06-2024"]
[Site "Chess.com"]
[Date "2024.02.06"]
[Round "6"]
[White "Alina_Gumerovna"]
[Black "jinxy2009"]
[Result "0-1"]
[WhiteElo "2081"]
[BlackElo "2229"]
[TimeControl "180+1"]
[EndTime "15:04:59 PST"]
[Termination "jinxy2009 won on time"]

1. e4 c6 2. c4 d5 3. cxd5 cxd5 4. exd5 Qxd5 5. Nc3 Qd8 6. Bc4 Nf6 7. d4 Bf5 8. h3 e6 9. Nf3 Be7 10. O-O O-O 11. Re1 Nc6 12. Bf4 Rc8 13. Bd3 Bg6 14. a3 Bd6 15. Bg5 Bxd3 16. Qxd3 h6 17. Bh4 g5 18.
Bxg5 hxg5 19. Nxg5 Bf4 20. Nce4 Qxd4 21. Qxd4 Nxd4 22.
Nxf6+ Kh8 23. Nge4 Nc2 24. Rac1 Nxe1 25. Rxe1 Rc2 26.
g3 Be5 27. Ng4 Bxb2 28. Ng5 Bxa3 0-1

[Event "Late-Titled-Tuesday-Blitz-February-06-2024"]
[Site "Chess.com"]
[Date "2024.02.06"]
[Round "6"]
[White "semchik73"]
[Black "jsdbv18"]
[Result "0-1"]
[WhiteElo "2415"]
[BlackElo "2623"]
[TimeControl "180+1"]
[EndTime "15:05:06 PST"]
[Termination "jsdbv18 won on time"]

1. Nf3 d5 2. c4 e6 3. d4 Nf6 4. Nc3 Bb4 5. e3 O-O 6. Bd3 dxc4 7. Bxc4 a6 8. O-O b5 9. Bd3 Bb7 10. Qe2 Nbd7 11. Rd1 c5 12. dxc5 Qc7 13. e4 Bxc5 14. e5 Bxf3 15. Qxf3 Nxe5 16. Qg3 Bd6 17. Bf4 Nf3+ 18. Qxf3 Bxf4 19. g3 Be5 20. Rac1 Rac8 21. Rc2 Qb6 22. Ne4 Rxc2 23. Bxc2 Bxb2 24. Rd6 Qc7 25.
Rc6 Qa7 26. Qd3 Nxe4 27. Qxe4 g6 28. Bb3 Bd4 29. Kg2 Bxf2 30. Rxe6 fxe6 0-1

[Event "Late-Titled-Tuesday-Blitz-February-06-2024"]
[Site "Chess.com"]
[Date "2024.02.06"]
[Round "6"]
[White "martinez_95"]
[Black "Road2GM3000"]
[Result "1-0"]
[WhiteElo "2250"]
[BlackElo "2473"]
[TimeControl "180+1"]
[EndTime "15:05:07 PST"]
[Termination "martinez_95 won by checkmate"]

1. e4 c5 2. Nf3 d6 3. d4 cxd4 4. Nxd4 Nf6 5. Nc3 a6 6. Bc4 e6 7. Bb3 Nbd7 8. Be3 Nc5 9. g4 Be7 10. Qf3 Nfd7 11. Qg2 O-O 12. O-O-O Qc7 13. Kb1 b5 14.
Rhg1 Bb7 15. f3 Nb6 16. g5 b4 17. Nce2 a5 18. Nb5 Qc6 19. Ned4 Qe8 20. Nc7 Qb8 21.
Ncxe6 fxe6 22. Nxe6 Nxb3 23. cxb3 Nd7 24. Bd4 Ne5 25.
Bxe5 dxe5 26. Rd7 Re8 27. g6 h6 28. Qh3 Bc8 29. Nxg7 Bxd7 30. Qxh6 Bf6 31. Nh5 Qb6 32. Qh7+ Kf8 33. Qf7# 1-0

[Event "Late-Titled-Tuesday-Blitz-February-06-2024"]
[Site "Chess.com"]
[Date "2024.02.06"]
[Round "6"]
[White "yuriydovzik"]
[Black "IsaqueGoncalvesSanto"]
[Result "1-0"]
[WhiteElo "2202"]
[BlackElo "1924"]
[TimeControl "180+1"]
[EndTime "15:05:07 PST"]
[Termination "yuriydovzik won by resignation"]

1. g3 e6 2. c4 d5 3. cxd5 exd5 4. Bg2 Nf6 5. Nf3 Be7 6. O-O O-O 7. b3 c6 8. Bb2 Nbd7 9. d4 Ne4 10. Nbd2 f5 11.
e3 Ndf6 12. Ne5 Bd6 13. f3 Nxd2 14. Qxd2 Qb6 15. Rab1 Be6 16. Bc3 Rae8 17. b4 Nd7 18. a3 Rf6 19. Rfe1 g5 20. Kh1 h5 21. e4 f4 22.
exd5 Bxd5 23. Nxd7 Rxe1+ 24. Rxe1 Qd8 25. Re8+ 1-0

[Event "Late-Titled-Tuesday-Blitz-February-06-2024"]
[Site "Chess.com"]
[Date "2024.02.06"]
[Round "6"]
[White "varunkrishnanchess"]
[Black "ccccvhhhj"]
[Result "0-1"]
[WhiteElo "2628"]
[BlackElo "2478"]
[TimeControl "180+1"]
[EndTime "15:05:15 PST"]
[Termination "ccccvhhhj won by resignation"]

1. d4 e5 2. dxe5 d6 3. exd6 Bxd6 4. Nc3 Nc6 5. Nf3 Bg4 6. e3 Qe7 7. Nd5 Qe6 8. Bc4 Qg6 9. Nf4 Qh6 10. O-O O-O-O 11.
Bd2 g5 12. Nh3 Bxh3 13. gxh3 Qxh3 14. Bxf7 g4 15. Be6+ Kb8 16. Bc3 Qh6 17. Bxg4 Nf6 18. Bxf6 Qxf6 19. Bh3 Rhg8+ 20. Kh1 Ne5 21. Nd4 Qh4 22.
Nf3 Qxh3 23. Rg1 Nxf3 0-1

[Event "Late-Titled-Tuesday-Blitz-February-06-2024"]
[Site "Chess.com"]
[Date "2024.02.06"]
[Round "6"]
[White "inagreV"]
[Black "WindWhistler11"]
[Result "1-0"]
[WhiteElo "2358"]
[BlackElo "2499"]
[TimeControl "180+1"]
[EndTime "15:05:16 PST"]
[Termination "inagreV won by resignation"]

1. d4 Nf6 2. Bf4 c5 3. e3 b6 4. c4 Bb7 5. d5 g6 6. Nc3 Bg7 7. h3 O-O 8. Qc2 d6 9. Rd1 Na6 10. Nf3 Nc7 11. Be2 a6 12. O-O Rb8 13. e4 Bc8 14. e5 Nfe8 15. Rfe1 Bf5 16. Bd3 Bxd3 17. Rxd3 b5 18. b3 bxc4 19. bxc4 Rb4 20. Ne4 Na8 21. a3 Rb7 22. Rde3 Rc7 23. Qa4 dxe5 24.
Nxe5 Bxe5 25. Bxe5 Nd6 26. Nxd6 exd6 27. Bc3 Nb6 28.
Qxa6 Nd7 29. Qxd6 Rb7 30. Re7 Rb3 31. Rxd7 Qg5 32. Bf6 Qd2 33. Qxf8+ 1-0

[Event "Late-Titled-Tuesday-Blitz-February-06-2024"]
[Site "Chess.com"]
[Date "2024.02.06"]
[Round "6"]
[White "olawsson"]
[Black "Charodej1"]
[Result "0-1"]
[WhiteElo "2147"]
[BlackElo "2266"]
[TimeControl "180+1"]
[EndTime "15:05:18 PST"]
[Termination "Charodej1 won on time"]

1. d4 Nf6 2. c4 e6 3. Nf3 Bb4+ 4. Nbd2 O-O 5. g3 d5 6. Qc2 c5 7.
dxc5 Nc6 8. a3 Bxc5 9. b4 Be7 10. Bg2 a5 11. b5 Na7 12. a4 b6 13. O-O Bb7 14.
Bb2 Rc8 15. Qd3 dxc4 16. Nxc4 Bc5 17. Nfe5 Qe7 18. Bxb7 Qxb7 19. Nd6 Bxd6 20. Qxd6 Rfd8 21. Qa3 Qe4 22. e3 Nd5 23. Rac1 Qb4 24. Qxb4 axb4 25.
Bd4 Ra8 26. e4 Nf6 27. Bxb6 Rd2 28. Bc7 Ra2 29. b6 Rxa4 30. b7 Re8 31. b8=Q Rxb8 32. Bxb8 g6 33. Rc8+ Kg7 34. Bd6 Nxc8 0-1

[Event "Late-Titled-Tuesday-Blitz-February-06-2024"]
[Site "Chess.com"]
[Date "2024.02.06"]
[Round "6"]
[White "smotherhubbard"]
[Black "Rawnsdale"]
[Result "0-1"]
[WhiteElo "2367"]
[BlackElo "2524"]
[TimeControl "180+1"]
[EndTime "15:05:19 PST"]
[Termination "Rawnsdale won by resignation"]

1. d4 d5 2. c4 e6 3. Nc3 Be7 4.
cxd5 exd5 5. Bf4 c6 6. e3 Bd6 7.
Bxd6 Qxd6 8. Bd3 Ne7 9. Qc2 g6 10. h4 Bf5 11. h5 Nd7 12. O-O-O Nf6 13. hxg6 fxg6 14. f3 Bxd3 15. Qxd3 O-O 16. Nge2 b5 17. Rh3 b4 18. Na4 Rae8 19. Rdh1 Nf5 20. e4 dxe4 21. fxe4 Rxe4 22. Rxh7 Rxe2 23. Rh8+ Kg7 24.
Rxf8 Qf4+ 25. Kb1 Re3 26. Qc4 Qe4+ 27. Kc1 Re1+ 28. Rxe1 Qxe1+ 29. Kc2 Ne3+ 30. Kd3 Nxc4 0-1

[Event "Late-Titled-Tuesday-Blitz-February-06-2024"]
[Site "Chess.com"]
[Date "2024.02.06"]
[Round "6"]
[White "DinaBelenkaya"]
[Black "shirovin"]
[Result "1-0"]
[WhiteElo "2432"]
[BlackElo "2098"]
[TimeControl "180+1"]
[EndTime "15:05:19 PST"]
[Termination "DinaBelenkaya won on time"]

1. Nf3 Nf6 2. g3 g6 3. Bg2 c6 4. d3 d5 5. Nbd2 Bg7 6. O-O O-O 7. e4 dxe4 8. dxe4 Na6 9. c3 Nc5 10. e5 Nfd7 11. Qe2 Qc7 12. Re1 a5 13. Ne4 Nxe4 14.
Qxe4 Nc5 15. Qh4 Nd3 16. Bh6 f6 17. Bxg7 Kxg7 18. exf6+ exf6 19. Re3 Nc5 20. Rae1 Rf7 21. Re8 b6 22. Nd4 Bb7 23. Rxa8 Bxa8 24. b4 axb4 25. cxb4 Re7 26. Rxe7+ Qxe7 27. bxc5 Qe1+ 28. Bf1 bxc5 29. Nf3 Qd1 30. Qe4 Qd5 31. Qe7+ Kh6 32. Qf8+ Kh5 33. Be2 Kg4 34. Qh6 1-0

[Event "Late-Titled-Tuesday-Blitz-February-06-2024"]
[Site "Chess.com"]
[Date "2024.02.06"]
[Round "6"]
[White "OglazaOskar2005"]
[Black "elchacal664"]
[Result "1-0"]
[WhiteElo "2611"]
[BlackElo "2401"]
[TimeControl "180+1"]
[EndTime "15:05:20 PST"]
[Termination "OglazaOskar2005 won by resignation"]

1. e4 c5 2. Nf3 d6 3. d4 cxd4 4. Nxd4 Nf6 5. Nc3 a6 6. h3 g6 7. g4 Bg7 8. Be3 O-O 9. Bg2 Nc6 10. O-O Bd7 11. f4 Rc8 12. Qe2 Na5 13. e5 Ne8 14. Rad1 b5 15. Bf2 Nc4 16. e6 Bxd4 17.
Bxd4 fxe6 18. b3 Na5 19. Ne4 Qc7 20. Ng5 Ng7 21. f5 e5 22. fxg6 h6 23. Nf7 exd4 24.
Nxh6+ Kh8 25. Qxe7 Rxf1+ 26. Rxf1 Be6 27. Rf8+ 1-0

[Event "Late-Titled-Tuesday-Blitz-February-06-2024"]
[Site "Chess.com"]
[Date "2024.02.06"]
[Round "6"]
[White "bascheyaro"]
[Black "Oleksandr_Bortnyk"]
[Result "0-1"]
[WhiteElo "2781"]
[BlackElo "3076"]
[TimeControl "180+1"]
[EndTime "15:05:22 PST"]
[Termination "Oleksandr_Bortnyk won by resignation"]

1. d4 Nf6 2. Nf3 b6 3. g3 Bb7 4. Bg2 g6 5. O-O Bg7 6. b3 O-O 7. Bb2 d5 8. e3 e6 9. Nbd2 Na6 10. Ne5 Qe7 11. a4 c5 12. c3 Rfd8 13. Qe2 h5 14. a5 Qc7 15. axb6 axb6 16. Rfc1 Ne4 17. f4 Nxd2 18.
Qxd2 Nb8 19. Rxa8 Bxa8 20. Ra1 Nc6 21. Bf1 Na5 22. Qd1 Bb7 23. h3 Nc6 24. Kh2 Ne7 25.
g4 f6 26. Nf3 hxg4 27. hxg4 g5 28. Qd2 Ng6 29. Kg3 gxf4+ 30. exf4 Bh6 31. Bc1 Bxf4+ 32. Qxf4 Nxf4 33. Bxf4 Qh7 34. Ra7 cxd4 35. Ba6 Rd7 36. cxd4 Bxa6 37. Rxa6 Rb7 38. Ra8+ Kf7 39. g5 Qd3 40. gxf6 Kxf6 41. Be5+ Kg6 42. Rg8+ Kh6 43. Kf4 Rf7+ 0-1